 Dungeon Crawl Stone Soup version 0.29-a0-344-ge2f44be95a (webtiles) character file.

Game seed: 5646457013939384292

2536 spaghetti the Protected (level 9, -18/45 HPs)
             Began as a Vine Stalker Fighter on Apr 21, 2022.
             Was a High Priest of Jiyva.
             Demolished by a komodo dragon (20 damage)
             ... on level 8 of the Dungeon.
             The game lasted 00:10:51 (5949 turns).

spaghetti the Protected (Vine Stalker Fighter)      Turns: 5949, Time: 00:10:51

Health: -18/45     AC: 23    Str: 22    XL:     9   Next: 55%
Magic:  0/19       EV:  9    Int:  8    God:    Jiyva [*****.]
Gold:   277        SH:  5    Dex: 19    Spells: 8/8 levels left

rFire   . . .      SeeInvis .   j - +0 mace (protect) {mace}
rCold   . . .      Faith    .   c - +0 buckler
rNeg    . . .      Spirit   +   E - +4 scale mail
rPois   .          Reflect  .   (helmet restricted)
rElec   .          Harm     .   y - +0 cloak
rCorr   +          Rampage  .   (gloves unavailable)
Will    +....                   (no boots)
Stlth   ..........              (no amulet)
HPRegen 2.39/turn               B - ring of magical power
MPRegen 0.61/turn               (no ring)

@: mighty, under a protective aura
A: fangs 3, regeneration 1, magic shield, antimagic bite, no potion heal 2,
antennae 2, claws 3, iridescent scales 1, agile 2
a: Renounce Religion, Oozemancy, Slimify


You were on level 8 of the Dungeon.
You worshipped Jiyva.
Jiyva was extremely pleased with you.
You visited 2 branches of the dungeon, and saw 9 of its levels.

You collected 277 gold pieces.


Innate Abilities, Weirdness & Mutations

You have razor-sharp teeth.
Your natural rate of healing is unusually fast.
When hurt, damage is shared between your health and your magic reserves.
Your bite disrupts and absorbs the magic of your enemies.
Potions cannot restore your health.
You have a pair of antennae on your head.
You have claws for hands.
You are partially covered in iridescent scales. (AC +2)
You are very agile. (Dex +4)


   Skills:
 * Level 3.7 Fighting
 - Level 1.7 Axes
 + Level 10.6 Armour
 - Level 2.6 Shields


You had 8 spell levels left.
You didn't know any spells.
Your spell library contained the following spells:

 Spells                   Type           Power      Damage    Failure   Level
 Beastly Appendage        Tmut           0%         N/A       77%         1
 Wereblood                Tmut           0%         N/A       88%         2
 Spider Form              Tmut/Pois      0%         N/A       98%         3

Inventory:

Hand Weapons
 j - a +0 mace of protection (weapon) {mace}
   (You found it on level 1 of the Dungeon)
Missiles
 i - 158 stones (quivered) {throwing}
 o - 12 poisoned darts {throwing}
 v - 2 boomerangs {throwing}
 F - a curare-tipped dart {=fthrowing}
Armour
 c - a +0 buckler (worn)
 n - a +0 helmet
   (You found it on level 2 of the Dungeon)
 y - a +0 cloak (worn)
   (You took it off Crazy Yiuf on level 7 of the Dungeon)
 E - a +4 scale mail (worn)
   (You took it off an orc on level 7 of the Dungeon)
Jewellery
 B - a ring of magical power (left claw)
   (You found it on level 6 of the Dungeon)
 D - a ring of resist corrosion
   (You found it on level 7 of the Dungeon)
Wands
 b - a wand of acid (3)
   (You found it on level 7 of the Dungeon)
 w - a wand of polymorph (11)
   (You found it on level 4 of the Dungeon)
Scrolls
 e - a scroll of enchant weapon {unknown}
 f - 2 scrolls of holy word {unknown}
 g - 3 scrolls of teleportation {@r4}
 l - a scroll of noise {unknown}
 q - a scroll of identify {unknown}
 r - a scroll of enchant armour {unknown}
 s - a scroll of fog {unknown}
 t - 3 scrolls of immolation {unknown}
 u - a scroll of blinking {unknown}
 x - a scroll of magic mapping {unknown}
 z - a scroll of silence {unknown}
Potions
 a - a potion of berserk rage {unknown}
 d - 3 potions of might
 h - a potion of degeneration {unknown}
 k - 5 potions of curing {unknown}
 m - 2 potions of resistance {unknown}
 p - a potion of flight {unknown}
 A - a potion of invisibility {unknown}
 C - a potion of heal wounds {@q2}

Dungeon Overview and Level Annotations

Branches:
Dungeon (8/15)             Temple (0/1) D:7            Lair (1/6) D:8

Altars:
Ashenzari
Elyvilon
Hepliaklqana
Makhleb
Nemelex Xobeh
Ru
Uskayaw
Vehumet
The Shining One
Jiyva

Shops:
D:8

[ #.....# #.........#
##....# #.###8.>.8#
#....# #.#.#.....#
####....# #.#.......#
........######.........#
.............'.........#
........####.#.........#
........# #Y#####.#####
........# #@Y.....#
........# #l#######
........# ### ........#
#########


You could see a komodo dragon and 2 yaks.


Message History

There is an open door here.
There is a staircase to the Lair here.
You climb downwards.
Welcome to the Lair of Beasts!
You hear a distant snort.
Hark!
There is a gateway to a gauntlet on this level.
Find the entrance quickly before the gate is sealed!
The yak bellows! x2; The komodo dragon hisses angrily.
There is a staircase back to the Dungeon here.
There are monsters nearby!
There are monsters nearby!
Unknown command.
You block the komodo dragon's attack. You block the komodo dragon's attack.
There is a staircase back to the Dungeon here.
The yak gores you. The komodo dragon bites you!
You shudder from the blow and a jelly pops out!
You climb upwards.
Welcome back to the Dungeon!
There is a staircase to the Lair here. 😮 HP[-12] MP[-5]
You take 12 damage, and now have 33/45 hp.
MASSIVE DAMAGE!! (PAUSE)
You lost 5 mp, and now have 14/19 mp.
You hit the komodo dragon but do no damage.
Your weapon exudes an aura of protection.
You bite the komodo dragon. You drain its power.
You feel invigorated.
The yak gores you but does no damage. x2
The komodo dragon completely misses you. 😕 HP[+3] MP[+4]
You regained 3 hp, and now have 36/45 hp.
You regained 4 mp, and now have 18/19 mp.
You barely miss the komodo dragon. Your bite misses the komodo dragon.
You block the yak's attack. x2; The komodo dragon closely misses you. 😕 HP[+3]
You regained 3 hp, and now have 39/45 hp.
You hit the komodo dragon. You bite the komodo dragon. You drain its power.
You feel invigorated.
The yak gores you but does no damage. x2
The komodo dragon bites you! 😮 HP[-6] MP[-3]
You take 6 damage, and now have 33/45 hp.
You lost 3 mp, and now have 15/19 mp.
You hit the komodo dragon but do no damage.
Your bite misses the komodo dragon. The komodo dragon bites you!
The yak gores you but does no damage. You block the yak's attack.
The yak closely misses you. The yak gores you but does no damage.
The komodo dragon bites you! 😮 HP[-6] MP[-4]
You take 6 damage, and now have 27/45 hp.
You lost 4 mp, and now have 11/19 mp.
You sock the komodo dragon! Your bite misses the komodo dragon.
The yak gores you! You block the yak's attack. The komodo dragon bites you.
* * * LOW HITPOINT WARNING * * *
😨 HP[-5] MP[-2]
You take 5 damage, and now have 22/45 hp.
You lost 2 mp, and now have 9/19 mp.
You hit the komodo dragon.
You bite the komodo dragon, but do no damage.
The yak barely misses you. The yak gores you but does no damage.
The komodo dragon bites you.
* * * LOW HITPOINT WARNING * * *
You block the komodo dragon's attack. The yak gores you but does no damage.
You block the yak's attack. 😨 HP[-1]
You take 1 damage, and now have 21/45 hp.
You hit the komodo dragon but do no damage.
You bite the komodo dragon, but do no damage.
The yak gores you!
* * * LOW HITPOINT WARNING * * *
The yak gores you!
* * * LOW HITPOINT WARNING * * *
The komodo dragon bites you but does no damage. 😱 HP[-10] MP[-5]
You take 10 damage, and now have 11/45 hp.
MASSIVE DAMAGE!! (PAUSE)
You lost 5 mp, and now have 4/19 mp.
Okay, then.
Okay, then.
You feel very mighty all of a sudden.
The yak gores you but does no damage. x2; The komodo dragon bites you!
* * * LOW HITPOINT WARNING * * *
😱 HP[-8] MP[-4]
You take 8 damage, and now have 3/45 hp.
You lost 4 mp, and now have 0/19 mp.
You sock the komodo dragon! You bite the komodo dragon! You drain its power.
You feel invigorated. The yak gores you.
* * * LOW HITPOINT WARNING * * *
The yak gores you!
* * * LOW HITPOINT WARNING * * *
The komodo dragon barely misses you. 😱 HP[-1] MP[+2]
You take 1 damage, and now have 2/45 hp.
You regained 2 mp, and now have 2/19 mp.
You barely miss the komodo dragon.
The komodo dragon bites you but does no damage.
The yak gores you but does no damage. The yak misses you.
The yak barely misses you. x2; The komodo dragon barely misses you. 😱 HP[+3] MP[+1]
You regained 3 hp, and now have 5/45 hp.
You hit the komodo dragon. The yak closely misses you. The yak gores you!
* * * LOW HITPOINT WARNING * * *
The komodo dragon bites you!!
You die...

Skill      XL: |  1  2  3  4  5  6  7  8  9 |
---------------+----------------------------+-----
Armour         | 3 4 5 6 7 9 10 | 10.6
Fighting       | 3 |  3.7
Axes           | |  1.7
Shields        | |  2.6

Action                   |  1- 3 |  4- 6 |  7- 9 || total
-------------------------+-------+-------+-------++-------
Melee: War axe           |    14 |       |       ||    14
       Bite              |    16 |    47 |   104 ||   167
       Mace              |    79 |   197 |   309 ||   585
Throw: Stone             |       |       |     4 ||     4
  Use: Scroll            |       |     1 |       ||     1
       Potion            |       |       |     1 ||     1
Armor: Scale mail        |    66 |   217 |   262 ||   545
       Ring mail         |       |       |    16 ||    16
Dodge: Dodged            |    42 |   168 |   151 ||   361
Block: Buckler           |    26 |    73 |    98 ||   197

Levels and vault maps discovered:
D:1:      kennysheep_arrival_seaside, layout_loops_ring,
          shapermc_ecumenical_altar_petra
D:2:      layout_basic, serial_park_tiny_2, uniq_robin
D:3:      minmay_thinvault, layout_loops_corners,
          nicolae_overflow_hidden_temple, nemelex_xobeh_ov_fountains_minmay,
          mainiacjoe_overflow_alcove_1, mainiacjoe_overflow_chevrons,
          st_stairs_12, minmay_pentangle
D:4:      layout_rooms, serial_curves, eino_curves_01, eino_curves_02,
          goddamned_bats, uniq_sigmund, uniq_natasha, uniq_blork_the_orc
D:5:      layout_cave_pools
D:6:      layout_loops_ring, minmay_between
D:7:      layout_rooms, minmay_temple_entry_fiery, serial_aquarium,
          aquarium_bridge_long_separate [aquarium_subvault_balcony,
          aquarium_subvault_bridge, aquarium_subvault_balcony,
          aquarium_subvault_bridge, aquarium_subvault_bridge,
          aquarium_subvault_bridge], aquarium_bridge_island_small
          [aquarium_subvault_small_open, aquarium_subvault_wall,
          aquarium_subvault_window, aquarium_subvault_bridge,
          aquarium_subvault_wall], aquarium_window_1, aquarium_window_corner,
          aquarium_window_fake, aquarium_window_fake, aquarium_view_2c,
          aquarium_balcony_1b, aquarium_pool_S, dk_noncrumbling_4, uniq_joseph,
          uniq_crazy_yiuf_cottage
D:8:      layout_basic, nicolae_ashenzari_panopticon, nicolae_ru_awakened_eye,
          mainiacjoe_overflow_six_doors_small, gammafunk_temple_overflow_wave,
          lair_entry_dummy, serial_shops, nicolae_stop_n_shop_2
Lair:1:   layout_big_grid, gauntlet_entry_generic

Notes
Turn   | Place    | Note
-------+----------+-------------------------------------------
     0 | D:1      | spaghetti the Vine Stalker Fighter began the quest for the
                  | Orb.
     0 | D:1      | Reached XP level 1. HP: 11/11 MP: 2/2
     0 | D:1      | magus.rc [v1.9.6]
   133 | D:1      | Reached XP level 2. HP: 11/16 MP: 3/3
   134 | D:1      | Reached skill level 3 in Armour
   734 | D:1      | Found a faded altar of an unknown god.
   742 | D:1      | Prayed at the altar of an unknown god.
   742 | D:1      | Became a worshipper of Jiyva Jaqiuzul the Shapeless
   742 | D:1      | Reached * piety under Jiyva
   976 | D:2      | Reached XP level 3. HP: 19/19 MP: 4/4
  1391 | D:2      | Noticed Robin
  1400 | D:2      | Gained mutation: Your natural rate of healing is unusually
                  | fast. [Vine Stalker growth]
  1400 | D:2      | Reached XP level 4. HP: 13/23 MP: 5/5
  1411 | D:2      | Killed Robin
  1412 | D:2      | Reached skill level 4 in Armour
  1445 | D:2      | Reached ** piety under Jiyva
  1769 | D:3      | Found a glowing golden altar of the Shining One.
  1782 | D:3      | Found a hide-covered altar of Uskayaw.
  1845 | D:3      | Found a sparkling altar of Nemelex Xobeh.
  2048 | D:3      | Reached XP level 5. HP: 27/27 MP: 6/6
  2125 | D:3      | Reached *** piety under Jiyva
  2217 | D:3      | Found a hazy altar of Hepliaklqana.
  2276 | D:3      | Gained mutation: You have sharp fingernails. [Jiyva's
                  | grace]
  2276 | D:3      | Gained mutation: You have very sharp fingernails. [Jiyva's
                  | grace]
  2276 | D:3      | Gained mutation: You have claws for hands. [Jiyva's grace]
  2276 | D:3      | Gained mutation: You are partially covered in iridescent
                  | scales. (AC +2) [Jiyva's grace]
  2780 | D:4      | Noticed Blork the orc
  2798 | D:4      | Killed Blork the orc
  2799 | D:4      | Reached skill level 5 in Armour
  2799 | D:4      | Reached **** piety under Jiyva
  2824 | D:4      | Reached XP level 6. HP: 32/32 MP: 7/7
  3108 | D:4      | Reached skill level 6 in Armour
  3121 | D:4      | Killed Natasha
  3247 | D:4      | Noticed Natasha
  3252 | D:4      | Killed Natasha
  3339 | D:4      | Noticed Sigmund
  3347 | D:4      | Killed Sigmund
  3348 | D:4      | Reached XP level 7. HP: 35/35 MP: 8/8
  3374 | D:5      | Entered Level 5 of the Dungeon
  3403 | D:5      | Reached skill level 7 in Armour
  3628 | D:6      | Identified the +0 leather armour of Integrity {Dex+6}
  3718 | D:6      | Gained mutation: You have razor-sharp teeth. [Vine Stalker
                  | growth]
  3718 | D:6      | Reached XP level 8. HP: 35/38 MP: 9/9
  3772 | D:6      | Reached skill level 8 in Armour
  3898 | D:6      | Gained mutation: You are agile. (Dex +2) [Jiyva's grace]
  3898 | D:6      | Gained mutation: You are very agile. (Dex +4) [Jiyva's
                  | grace]
  3898 | D:6      | Gained mutation: You have a pair of small antennae on your
                  | head. [Jiyva's grace]
  3898 | D:6      | Gained mutation: You have a pair of antennae on your head.
                  | [Jiyva's grace]
  4424 | D:7      | Reached skill level 9 in Armour
  4426 | D:7      | Reached ***** piety under Jiyva
  4461 | D:7      | Found a staircase to the Ecumenical Temple.
  4548 | D:7      | Noticed Joseph
  4556 | D:7      | Killed Joseph
  4557 | D:7      | Reached XP level 9. HP: 43/43 MP: 10/10
  4606 | D:7      | Reached skill level 10 in Armour
  4860 | D:7      | You pick up a book of Changes and begin reading...
  4860 | D:7      | You add the spells Beastly Appendage, Wereblood and Spider
                  | Form to your library.
  4919 | D:7      | Found a runed translucent door.
  4920 | D:7      | Noticed Crazy Yiuf
  5346 | D:7      | Killed Crazy Yiuf
  5504 | D:8      | Reached skill level 3 in Fighting
  5510 | D:8      | Found a sacrificial altar of Ru.
  5526 | D:8      | Found Jeulouz's Antique Armour Shoppe.
  5549 | D:8      | Found a staircase to the Lair.
  5610 | D:8      | Found a broken altar of Ashenzari.
  5710 | D:8      | Found a white marble altar of Elyvilon.
  5710 | D:8      | Found a radiant altar of Vehumet.
  5785 | D:8      | Found a burning altar of Makhleb.
  5933 | Lair:1   | Entered Level 1 of the Lair of Beasts
  5933 | Lair:1   | Noticed a komodo dragon
  5945 | D:8      | HP: 11/45 [yak (5)]
  5946 | D:8      | HP: 3/45 [komodo dragon (10)]
  5949 | D:8      | Demolished by a komodo dragon

Vanquished Creatures
  Sigmund (D:4)
  A wyvern (D:8)
  An acid dragon (D:8)
  2 sky beasts (D:7)
  2 ice beasts (D:6)
  2 black bears
  An ogre (D:6)
  A kobold brigand (D:8)
  Blork the orc (D:4)
  A bullfrog (D:7)
  A gnoll sergeant (D:7)
  4 wights (D:6)
  A howler monkey (D:6)
  A vampire bat (D:4)
  A hound (D:6)
  2 orc priests (D:7)
  Crazy Yiuf (D:7)
  2 iguanas (D:6)
  Natasha (D:4)
  5 orc wizards
  Robin (D:2)
  A gnoll (D:3)
  9 adders
  2 shadow imps (D:7)
  2 white imps (D:6)
  3 ufetubi
  2 worms
  2 dart slugs
  3 fire bats (D:4)
  18 orcs
  2 spectral bats (D:4)
  13 ball pythons
  3 bat skeletons (D:4)
  A bat zombie (D:4)
  An endoplasm (D:1)
  A giant cockroach (D:2)
  10 goblins
  10 hobgoblins
  3 jackals (D:1)
  9 kobolds
  2 quokkas
  16 bats
  A bat simulacrum (D:4)
  2 frilled lizards (D:3)
  5 rats
154 creatures vanquished.

Vanquished Creatures (collateral kills)
  Joseph (D:7)
  A scorpion (D:7)
2 creatures vanquished.

Vanquished Creatures (others)
  A necrophage (D:8)
  A wight (D:6)
  A howler monkey (D:8)
  An orc priest (D:6)
  9 jellies
  2 hounds (D:6)
  Natasha (D:4)
  3 adders
  An ufetubus (D:6)
  A dart slug (D:2)
  An endoplasm (D:3)
  2 orcs
  3 bats
  3 giant cockroaches
  7 goblins
  A hobgoblin (D:2)
  2 kobolds
  2 quokkas (D:3)
  4 ball pythons
  2 frilled lizards
  A rat (D:3)
49 creatures vanquished.

Grand Total: 205 creatures vanquished

Table legend:
 A = Non-vault XP
 B = Vault XP
 C = Vault XP percentage of total XP
 D = Non-vault monster count
 E = Vault monster count
 F = Vault count percentage of total count
                 A         B        C        D         E       F
            +---------+---------+-------+---------+---------+-------
      Total |    2131 |    1492 |  41.2 |      99 |      57 |  36.5
            +---------+---------+-------+---------+---------+-------
        D:1 |      33 |       0 |   0.0 |      21 |       0 |   0.0
        D:2 |      44 |      30 |  40.5 |      10 |       9 |  47.4
        D:3 |      43 |      69 |  61.6 |      12 |      18 |  60.0
        D:4 |      56 |     507 |  90.1 |       7 |      22 |  75.9
        D:5 |     140 |       0 |   0.0 |       2 |       0 |   0.0
        D:6 |     519 |     329 |  38.8 |      15 |       5 |  25.0
        D:7 |     624 |     557 |  47.2 |      16 |       3 |  15.8
        D:8 |     672 |       0 |   0.0 |      16 |       0 |   0.0
            +---------+---------+-------+---------+---------+-------

Illustrated notes

Table legend:
 A = Kills in this place as a percentage of kills in entire the game.
 B = Kills by you in this place as a percentage of kills by you in the entire game.
 C = Kills by friends in this place as a percentage of kills by friends in the entire game.
 D = Other kills in this place as a percentage of other kills in the entire game.
 E = Experience gained in this place as a percentage of experience gained in the entire game.
 F = Experience gained in this place divided by the number of levels of this place that you have seen.
                   A       B       C       D       E      F
               +-------+-------+-------+-------+-------+----------------------
         Total | 100.0 | 100.0 | 100.0 |   N/A | 100.0 | 402.6
       Dungeon | 100.0 | 100.0 | 100.0 |   N/A | 100.0 | 452.9
               +-------+-------+-------+-------+-------+----------------------

Table legend: (Time is in decaauts)
 A = Elapsed time spent in this place.
 B = Non-inter-level travel time spent in this place.
 C = Inter-level travel time spent in this place.
 D = Time resting spent in this place.
 E = Time spent auto-exploring this place.
 F = Levels seen in this place.
 G = Mean time per level.
                   A        B        C        D        E       F      G
               +--------+--------+--------+--------+--------+-----+--------+
         Total |   6184 |   5961 |    223 |    200 |   4326 |   9 |  687.1 |
       Dungeon |   6179 |   5956 |    223 |    200 |   4326 |   8 |  772.4 |
          Lair |      4 |      4 |      0 |      0 |      0 |   1 |    4.0 |
               +--------+--------+--------+--------+--------+-----+--------+

Top non-repeatable levels by time:
     D:7: 1024 daAuts
     D:3: 1016 daAuts
     D:6: 1002 daAuts
     D:1: 970 daAuts
     D:2: 820 daAuts
     D:4: 683 daAuts
     D:8: 586 daAuts
     D:5: 75 daAuts
  Lair:1: 4 daAuts
